 Dungeon Sprint DCSS version 0.31-a0-18-gea43df2a32 (webtiles) character file.

Game seed: 17050544708898990931

268 bmack86 the Fighter (level 6, -2/72 HPs)
             Began as a Minotaur Fighter on May 10, 2023.
             Slain by a slime creature (12 damage)
             ... in the Dungeon (Sprint I: "Red Sonja").
             The game lasted 00:00:49 (62 turns).

bmack86 the Fighter (Minotaur Fighter)                Turns: 62, Time: 00:00:49

Health: -2/72      AC:  6    Str: 22    XL:     6   Next: 1%
Magic:  5/5        EV:  9    Int:  5    God:
Gold:   162        SH:  4    Dex: 10    Spells: 5/5 levels left

rFire   . . .        a - +0 war axe
rCold   . . .        c - +0 buckler
rNeg    . . .        b - +0 scale mail
rPois   .            (helmet restricted)
rElec   .            (no cloak)
rCorr   .            (no gloves)
SInv    .            (no boots)
Will    .....        (no amulet) Stlth
                     (no ring)
HPRegen 0.32/turn    (no ring)
MPRegen 0.09/turn

%: no teleportation
@: flying
A: horns 2, retaliatory headbutt
a: no special abilities


You were in the Dungeon.
You visited 1 branch You collected 162 gold pieces.

Inventory:

Hand Weapons
 a - a +0 war axe (weapon)
Armour
 b - a +0 scale mail (worn)
 c - a +0 buckler (worn)
Wands
 d - a wand of charming (7)
Scrolls
 j - a scroll of blinking
Potions
 e - a potion of curing
 g - a potion of flight
 h - 2 potions of magic
 i - a potion of berserk rage


   Skills:
 + Level 13.0 Fighting
 + Level 8.2 Axes
 - Level 3.6 Armour
 - Level 3.6 Shields


You had 5 spell levels left.
You didn't know any spells.
Your spell library was empty.

Dungeon Overview and Level Annotations

Branches:
Dungeon (1/1)

Altars:
Makhleb
Xom
Jiyva
Lugonu


Innate Abilities, Weirdness & Mutations

You have a pair of horns on your head.
You reflexively headbutt those who attack you in melee.


Message History

There is an open door here.
You slash the slime creature!
The slime creature is lightly wounded.
The slime creature hits you!
You slash the slime creature!
The slime creature is moderately wounded.
You feel a little less mighty now. You block the slime creature's attack.
You hit the slime creature.
The slime creature is moderately wounded.
The slime creature hits you!
You hit the slime creature but do no damage.
The slime creature is moderately wounded.
The slime creature hits you!
You barely miss the slime creature. You headbutt the slime creature!
The slime creature is moderately wounded.
The slime creature hits you!
* * * LOW HITPOINT WARNING * * *
You feel much better. The slime creature hits you!
You barely miss the slime creature.
The slime creature is moderately wounded.
The slime creature hits you!!
* * * LOW HITPOINT WARNING * * *
You slash the slime creature! You headbutt the slime creature!
The slime creature is severely wounded.
The slime creature hits you.
* * * LOW HITPOINT WARNING * * *
It was a potion of flight.
You feel very buoyant.
You fly up into the air.
The slime creature hits you but does no damage.
You hit the slime creature but do no damage.
The slime creature is severely wounded.
The slime creature hits you but does no damage.
You block the slime creature's attack.
You hit the slime creature.
Your headbutt misses the slime creature.
The slime creature is severely wounded.
The slime creature hits you!
You die...

###################
#<.#..').#..'..#__#
#..').#..').#..@J.+
#..#####'#####+#__#
#..# #..# ### #..#
#### #..# #⌠⌠# ####


You could see a slime creature.

Vanquished Creatures
  Sigmund (D)
  An ogre (D)
  Ijyb (D)
3 creatures vanquished.

Notes
Turn   | Place    | Note
-------+----------+-------------------------------------------
     0 | D        | bmack86 the Minotaur Fighter began the quest for the Orb.
     0 | D        | Reached XP level 1. HP: 19/19 MP: 0/0
     4 | D        | Noticed Ijyb
     6 | D        | Killed Ijyb
     7 | D        | Reached skill level 7 in Fighting
     7 | D        | Reached XP level 2. HP: 34/34 MP: 1/1
    11 | D        | Noticed an ogre
    14 | D        | Killed an ogre
    15 | D        | Reached skill level 10 in Fighting
    15 | D        | Reached skill level 5 in Axes
    15 | D        | Reached XP level 3. HP: 45/45 MP: 2/2
    15 | D        | Reached XP level 4. HP: 51/51 MP: 3/3
    18 | D        | Noticed Sigmund
    21 | D        | Killed Sigmund
    22 | D        | Reached skill level 13 in Fighting
    22 | D        | Reached XP level 5. HP: 64/64 MP: 4/4
    22 | D        | Reached XP level 6. HP: 72/72 MP: 5/5
    50 | D        | Found a burning altar of Makhleb.
    50 | D        | Found a viscous altar of Jiyva.
    50 | D        | Found a shimmering altar of Xom.
    50 | D        | Found a corrupted altar of Lugonu.
    50 | D        | Noticed a slime creature
    62 | D        | Slain by a slime creature

Illustrated notes

Levels and vault maps discovered:
D:        dungeon_sprint_1 [red_sonja_temple_1, red_sonja_temple_small_1]

Skill      XL: |  1  2  3  4 |
---------------+-------------+-----
Fighting       | 7 10 13 | 13.0
Axes           | 3 5 8 |  8.2
Armour         | |  3.6
Shields        | |  3.6

Action                     |  1- 3 |  4- 6 || total
---------------------------+-------+-------++-------
  Melee: War axe           |     3 |    11 ||    14
         Headbutt          |     1 |     2 ||     3
    Use: Potion            |     2 |     2 ||     4
 Armour: Scale mail        |       |     2 ||     2
  Dodge: Dodged            |     1 |     1 ||     2
  Block: Buckler           |     1 |     2 ||     3

Table legend: (Time is in decaauts)
 A = Elapsed time spent in this place.
 B = Non-inter-level travel time spent in this place.
 C = Inter-level travel time spent in this place.
 D = Time resting spent in this place.
 E = Time spent auto-exploring this place.
 F = Levels seen in this place.
 G = Mean time per level.
                   A        B        C        D        E       F      G
               +--------+--------+--------+--------+--------+-----+--------+
         Total |     51 |     51 |      0 |      0 |      0 |   1 |   51.0 |
       Dungeon |     51 |     51 |      0 |      0 |      0 |   1 |   51.0 |
               +--------+--------+--------+--------+--------+-----+--------+

Top non-repeatable levels by time:
       D: 51 daAuts
